 Dungeon Crawl Stone Soup version 0.27-a0-46-g34d46f0a3f (webtiles) character file.

Game seed: 14213554483504314434

825 Borgoz the Skirmisher (level 8, -1/57 HPs)
             Began as a Halfling Fighter on Jan 6, 2021.
             Killed from afar by an orc wizard (7 damage)
             ... with a magic dart
             ... on level 5 of the Dungeon.
             The game lasted 00:04:58 (5143 turns).

Borgoz the Skirmisher (Halfling Fighter)            Turns: 5143, Time: 00:04:59

Health: -1/57      AC: 11    Str: 18    XL:     8   Next: 17%
Magic:  8/8        EV: 11    Int:  6    God:
Gold:   149        SH:  8    Dex: 15    Spells: 5/7 levels left

rFire    . . .     SeeInvis .   a - +0 long sword
rCold    . . .     Faith    .   r - +2 buckler {AC+3}
rNeg     . . .     Spirit   .   p - +0 scale mail
rPois    .         Reflect  .   (no helmet)
rElec    .         Harm     .   f - +0 cloak
rCorr    .         Rampage  .   (no gloves)
Will     .....                  (no boots)
Stlth    ..........             (no amulet)
HPRegen  0.19/turn              (no ring)
MPRegen  0.11/turn              (no ring)

@: mighty
A: small, mutation resistance 1
a: no special abilities


You were on level 5 of the Dungeon.
You visited 1 branch of the dungeon, and saw 5 of its levels.

You collected 149 gold pieces.

Inventory:

Hand Weapons
 a - a +0 long sword (weapon)
 b - a +2 dagger of electrocution
Armour
 f - a +0 cloak (worn)
 p - a +0 scale mail (worn)
 r - a +2 buckler of protection (worn)
Jewellery
 l - an uncursed ring of ice
Wands
 i - a wand of random effects (17)
 t - a wand of flame (20)
Scrolls
 e - 3 scrolls of remove curse
 g - 2 scrolls of blinking {unknown}
 h - 2 scrolls of enchant armour {unknown}
 j - 2 scrolls of magic mapping
 o - a scroll of immolation {unknown}
 s - a scroll of enchant weapon {unknown}
 u - a scroll of teleportation {unknown}
Potions
 c - a potion of berserk rage {unknown}
 m - a potion of attraction {unknown}
 n - a potion of brilliance
 q - a potion of cancellation {unknown}
 v - a potion of flight {unknown}


   Skills:
 * Level 5.6 Fighting
 + Level 4.2 Long Blades
 + Level 5.3 Armour
 + Level 5.3 Shields


You had 5 spell levels left.
You knew the following spells:

 Your Spells              Type           Power        Failure   Level
a - Blink                 Tloc           N/A          92%         2

Your spell library contained the following spells:

 Spells                   Type           Power        Failure   Level
 Magic Dart               Conj           0%           83%         1
 Call Imp                 Summ           0%           92%         2
 Slow                     Hex            0%           92%         2
 Conjure Flame            Conj/Fire      0%           99%         3
 Mephitic Cloud           Conj/Pois/Air  0%           99%         3


Dungeon Overview and Level Annotations

Branches:
Dungeon (5/15)
 Temple: D:4-7

Altars:


Innate Abilities, Weirdness & Mutations

You are small and have problems with some larger weapons.
You are somewhat resistant to further mutation.


Message History

You slash the orc priest!
You kill the orc priest!
You block the orc wizard's attack.
The orc wizard hits you but does no damage.
The orc hits you with a +0 hand axe.
* * * LOW HITPOINT WARNING * * *
The orc hits you with a +0 dagger.
* * * LOW HITPOINT WARNING * * *
The orc wizard hits you but does no damage. x2
Okay, then.
You closely miss the orc wizard.
The orc wizard is lightly wounded.
You block the orc wizard's attack. The orc hits you with a +0 hand axe.
* * * LOW HITPOINT WARNING * * *
The orc closely misses you. x2
The orc wizard points at you and mumbles some strange words.
The puff of flame misses you.
The puff of flame hits the orc wizard!
The orc wizard gestures at you while chanting.
The magic dart hits you!
You die...

.... .... ... .....
.....# ..... .....#
...... .....#
......###+#.....#
#...oo........#
#..oo@........#
#...oo........#
#.............#
#.............#
#.............#
#.............#
#.............##+##
##+######.........#
#.........#


You could see 2 orc wizards and 4 orcs.

Vanquished Creatures
  Menkaure (D:4)
  2 centaurs (D:5)
  Blork the orc (D:4)
  A scorpion (D:4)
  A gnoll shaman (D:4)
  A hound (D:4)
  An orc priest (D:5)
  Terence (D:2)
  Natasha (D:2)
  3 worker ants
  A hound skeleton (D:4)
  6 gnolls
  4 adders
  An adder zombie (D:3)
  An adder skeleton (D:4)
  A dart slug (D:1)
  23 orcs
  7 giant cockroaches
  5 goblins
  4 hobgoblins
  A quokka (D:4)
  6 ball pythons
  4 bats
  2 frilled lizards
  10 kobolds
  2 quokka skeletons (D:4)
  6 rats
97 creatures vanquished.

Notes
Turn   | Place    | Note
-------+----------+-------------------------------------------
     0 | D:1      | Borgoz the Halfling Fighter began the quest for the Orb.
     0 | D:1      | Reached XP level 1. HP: 15/15 MP: 1/1
   314 | D:1      | Reached XP level 2. HP: 16/20 MP: 2/2
   804 | D:2      | Noticed Terence
   822 | D:2      | Killed Terence
   823 | D:2      | Reached XP level 3. HP: 5/26 MP: 3/3
  1219 | D:2      | Reached XP level 4. HP: 29/31 MP: 4/4
  1408 | D:2      | Noticed Natasha
  1431 | D:2      | Killed Natasha
  1668 | D:2      | Learned a level 2 spell: Blink
  2049 | D:3      | Reached XP level 5. HP: 22/37 MP: 5/5
  2942 | D:3      | Found a faded altar of an unknown god.
  3130 | D:4      | Reached XP level 6. HP: 18/43 MP: 6/6
  3473 | D:4      | Noticed Menkaure
  3484 | D:4      | Killed Menkaure
  3485 | D:4      | Reached XP level 7. HP: 14/49 MP: 7/7
  3797 | D:4      | Reached skill level 5 in Fighting
  4024 | D:4      | Noticed Blork the orc
  4044 | D:4      | Killed Blork the orc
  4045 | D:4      | Reached skill level 5 in Shields
  4311 | D:5      | Entered Level 5 of the Dungeon
  4325 | D:5      | Reached skill level 5 in Armour
  4747 | D:5      | Reached XP level 8. HP: 29/56 MP: 8/8
  5143 | D:5      | Killed from afar by an orc wizard

Illustrated notes

Levels and vault maps discovered:
D:1:      dpeg_arrival_shelter, layout_loops_cross
D:2:      minmay_angry_zag, layout_basic, kennysheep_big_empty_room,
          grunt_ministairs_15, uniq_terence, uniq_natasha
D:3:      layout_rooms, chequers_ecumenical_altar_simple_redux
D:4:      layout_basic, uniq_menkaure, uniq_blork_the_orc
D:5:      black_bear_nest_2, layout_gridville, overflow_temple_1_default,
          uniq_ijyb, uniq_sigmund, uniq_eustachio

Skill      XL: |  1  2  3  4  5  6  7 |
---------------+----------------------+-----
Fighting       | 3 4 5 |  5.6
Armour         | 4 5 |  5.3
Shields        | 4 5 |  5.3
Long Blades    | 3 4 |  4.2

Action                   |  1- 3 |  4- 6 |  7- 9 || total
-------------------------+-------+-------+-------++-------
Melee: Long sword        |    73 |   193 |   124 ||   390
  Use: Scroll            |     4 |     2 |       ||     6
       Potion            |       |     4 |     4 ||     8
Armor: Scale mail        |    29 |    96 |    45 ||   170
Dodge: Dodged            |    25 |    85 |    72 ||   182
Block: Kite shield       |    32 |   103 |       ||   135
       Buckler           |       |    22 |    70 ||    92
       Rpst.: Long sword |     9 |    28 |    21 ||    58

Table legend: (Time is in decaauts)
 A = Elapsed time spent in this place.
 B = Non-inter-level travel time spent in this place.
 C = Inter-level travel time spent in this place.
 D = Time resting spent in this place.
 E = Time spent auto-exploring this place.
 F = Levels seen in this place.
 G = Mean time per level.
                   A        B        C        D        E       F      G
               +--------+--------+--------+--------+--------+-----+--------+
         Total |   5269 |   5171 |     98 |   1959 |   2367 |   5 | 1053.8 |
       Dungeon |   5269 |   5171 |     98 |   1959 |   2367 |   5 | 1053.8 |
               +--------+--------+--------+--------+--------+-----+--------+

Top non-repeatable levels by time:
     D:4: 1360 daAuts
     D:2: 1317 daAuts
     D:3: 1074 daAuts
     D:1: 774 daAuts
     D:5: 743 daAuts
